 Dungeon Crawl Stone Soup version 0.29.1-4-g47bece8355 (webtiles) character file.

Game seed: 2727621728058183610

3005 DoIIoM the Digger (level 9, 0/64 HPs)
             Began as an Octopode Earth Elementalist on Dec 2, 2022.
             Was a Believer of Vehumet.
             Hit by a javelin thrown by a centaur (9 damage)
             ... in a bailey.
             The game lasted 00:26:06 (11612 turns).

DoIIoM the Digger (Octopode Earth Elementalist)    Turns: 11612, Time: 00:26:06

Health: 0/64       AC:  1    Str:  7    XL:     9   Next: 84%
Magic:  17/19      EV: 13    Int: 21    God:    Vehumet [**....]
Gold:   379        SH:  0    Dex: 13    Spells: 13/21 levels left

rFire   . . .      SeeInvis .   c - +0 glaive (freeze)
rCold   + + +      Faith    .   (shield currently unavailable)
rNeg    . . .      Spirit   .   (helmet restricted)
rPois   .          Reflect  .   (no amulet)
rElec   .          Harm     .   f - ring of protection from cold
rCorr   +          Rampage  .   q - ring of wizardry
Will    .....                   i - ring of protection from cold
Stlth   ++++......              r - ring of flight
HPRegen 0.20/turn               B - ring of protection from cold
MPRegen 0.16/turn               G - ring of resist corrosion
                                (no ring)
                                (no ring)

@: flying
A: almost no armour, amphibious, 8 rings, camouflage 1, gelatinous body 1,
(nimble swimmer 1), tentacles
a: Renounce Religion


You were in a bailey.
You worshipped Vehumet.
Vehumet was pleased with you.
You visited 1 branch of the dungeon, and saw 8 of its levels.
You also visited: Sewer and Bailey.

You collected 379 gold pieces.

Inventory:

Hand Weapons
 c - a +0 glaive of freezing (weapon)
 e - the +5 rapier of Lawn {spect, rF+ Str-4 Stlth+}
   (You took it off a kobold on level 4 of the Dungeon)

   When its wielder attacks, the weapon's spirit leaps out and strikes again.
   The spirit shares a part of any damage it takes with its wielder.
   Str:       It affects your strength (-4).
   rF:        It protects you from fire.
   Stlth:     It makes you more stealthy.
Jewellery
 f - a ring of protection from cold (left tentacle)
 i - a ring of protection from cold (on tentacle)
 q - a ring of wizardry (right tentacle)
 r - a ring of flight (on tentacle)
 B - a ring of protection from cold (on tentacle)
 G - a ring of resist corrosion (on tentacle)
Wands
 I - a wand of mindburst (10)
Scrolls
 b - a scroll of brand weapon
 h - 2 scrolls of immolation {unknown}
 j - a scroll of magic mapping {unknown}
 k - a scroll of vulnerability {unknown}
 l - 4 scrolls of teleportation {unknown}
 s - a scroll of amnesia {unknown}
 t - a scroll of blinking {unknown}
 u - a scroll of torment {unknown}
 w - a scroll of fear {unknown}
 y - 3 scrolls of noise {unknown}
 A - a scroll of fog {unknown}
 C - a scroll of enchant weapon {unknown}
 D - a scroll of enchant armour {unknown}
 F - 2 scrolls of acquirement {unknown}
Potions
 a - 3 potions of magic
 d - 3 potions of flight
 m - 2 potions of brilliance
 n - a potion of resistance
 o - 2 potions of might
 p - a potion of mutation
 x - a potion of cancellation
 E - 2 potions of haste {unknown}
 H - a potion of lignification {unknown}


   Skills:
 * Level 7.3 Fighting
 - Level 2.0 Dodging
 - Level 7.0 Stealth
 + Level 6.7 Spellcasting
 - Level 2.0 Transmutations
 + Level 7.6 Earth Magic


You had 13 spell levels left.
You knew the following spells:

 Your Spells              Type           Power      Damage    Failure   Level
a - Sandblast             Erth           78%        2d17      1%          1
b - Stone Arrow           Conj/Erth      46%        3d9       2%          3
c - Petrify               Tmut/Erth      27%        N/A       4%          4

Your spell library contained the following spells:

 Spells                   Type           Power      Damage    Failure   Level
 Searing Ray              Conj           14%        2d5       6%          2
 Passwall                 Tmut/Erth      22%        N/A       1%          2
 Poisonous Vapours        Pois/Air       14%        N/A       6%          2
 Tukima's Dance           Hex            7%         N/A       11%         3
 Corpse Rot               Necr/Pois/Air  7%         N/A       32%         4
 Passage of Golubria      Tloc           7%         N/A       32%         4
 Yara's Violent Unravell  Hex/Tmut       5%         3d4       52%         5


Dungeon Overview and Level Annotations

Branches:
Dungeon (8/15)             Temple (0/1) D:5           Sewer (visited)
 Bailey (1/1)
   Lair: D:8-11

Altars:
Okawaru
Ru
Uskayaw
Vehumet
Yredelemnul

Shops:
D:5 (   D:6 :

Annotations:
D:7 Maggie


Innate Abilities, Weirdness & Mutations

You cannot wear most types of armour.
You are amphibious.
You can wear up to eight rings at the same time.
Your skin changes colour to match your surroundings (Stealth+).
Your rubbery body absorbs attacks. (AC +1, EV +1)
((You are camouflaged when in or above water. (Stealth+)))
You have tentacles for arms and can constrict up to eight enemies at once.


Message History

Confirm with . or Enter, or press ? or * to list all spells.
Aiming: Sandblast (safe; 1% risk of failure)
Press: ? - help, Shift-Dir - straight line, f - orc
Aim: an orc, wielding a +0 trident and wearing a +0 ring mail (86% to hit)
The blast of sand misses the orc.
Casting: Sandblast (safe; 1% risk of failure)
Confirm with . or Enter, or press ? or * to list all spells.
Aiming: Sandblast (safe; 1% risk of failure)
Press: ? - help, Shift-Dir - straight line, f/p - orc
Aim: an orc, wielding a +0 trident and wearing a +0 ring mail (86% to hit)
The blast of sand hits the orc!
You kill the orc!
Vehumet accepts your kill.
The centaur throws a javelin.
The javelin barely misses you.
The centaur throws a javelin.
The javelin pierces through you!
Unknown command.
Okay, then.
Unknown command.
An orc comes into view. It is wielding a +0 spear.
The orc shouts!
There is a gate leading back out of this place here.
A centaur comes into view. It is wielding a +0 trident.
Found 20 gold pieces.
The centaur shouts!
The centaur throws a javelin.
The javelin closely misses you.
The centaur throws a javelin.
The javelin pierces through you.
There is a gate leading back out of this place here.
There is an empty arch of ancient stone here.
There are monsters nearby!
The centaur throws a javelin.
The javelin closely misses you.
The centaur throws a javelin.
The javelin pierces through you!
* * * LOW HITPOINT WARNING * * *
Okay, then.
Unknown command.
You feel better.
The centaur throws a javelin.
The javelin pierces through you!
* * * LOW HITPOINT WARNING * * *
There is a gate leading back out of this place here.
The centaur throws a javelin.
The javelin pierces through you!
You die...

#####.o..o#####
#....≈≈≈≈≈c...##
.⌠.≈≈≈...≈≈≈.⌠.#
..≈≈..≈.≈..≈≈..#
.≈≈.≈≈≈.≈≈≈.≈≈.#
#.≈.≈≈.))..≈≈.≈)##
.≈≈.≈.≈≈≈≈≈.≈)≈≈.#
.≈.≈≈.≈...≈)≈≈.≈.#
.≈.≈.≈≈..@≈≈.≈.≈.#
.≈o≈.≈.⌠∩⌠.≈.≈.≈.#
.≈.≈.≈..∩..≈.≈.≈.#
.≈.≈.≈.⌠∩⌠.≈.≈.≈.#
.≈.≈.≈≈...≈≈.≈.≈.#
.≈.≈≈.≈...≈.≈≈.≈.#
.≈≈o≈.≈≈.≈≈.≈.≈≈.#
..≈c≈≈.≈.≈.≈≈.≈..+
.....≈≈...≈≈.....#


You could see 2 centaurs and 2 orcs.

Vanquished Creatures
  A two-headed ogre (D:6)
  Joseph (D:7)
  A sky beast (D:7)
  A black bear (D:6)
  2 ogres
  A centaur (D:7)
  2 kobold brigands
  Blork the orc (D:5)
  A bullfrog (D:6)
  2 necrophages
  3 scorpions
  3 wights (D:6)
  6 howler monkeys
  A jelly (D:7)
  A gnoll bouda (D:7)
  5 orc priests
  A hound (D:2)
  An iguana (D:6)
  4 orc wizards
  8 gnolls
  6 adders
  2 river rats (D:3)
  2 white imps
  2 ufetubi
  5 worms
  4 dart slugs
  28 orcs
  7 endoplasms
  6 giant cockroaches
  9 goblins
  9 hobgoblins
  2 jackals (D:3)
  31 kobolds
  10 ball pythons
  8 bats
  5 frilled lizards
  28 rats
210 creatures vanquished.

Vanquished Creatures (others)
  An orc (D:7)
1 creature vanquished.

Grand Total: 211 creatures vanquished

Notes
Turn   | Place    | Note
-------+----------+-------------------------------------------
     0 | D:1      | DoIIoM the Octopode Earth Elementalist began the quest for
                  | the Orb.
     0 | D:1      | Reached XP level 1. HP: 11/11 MP: 3/3
    54 | D:1      | Reached XP level 2. HP: 4/17 MP: 1/5
  1007 | D:1      | Reached XP level 3. HP: 8/21 MP: 3/6
  1461 | D:1      | Learned a level 3 spell: Stone Arrow
  1552 | D:2      | Reached XP level 4. HP: 23/27 MP: 7/7
  1849 | D:2      | Found a faded altar of an unknown god.
  2264 | D:3      | Found a glowing drain.
  2273 | Sewer    | Entered a sewer
  2465 | Sewer    | Reached XP level 5. HP: 17/31 MP: 9/9
  3449 | D:3      | Learned a level 4 spell: Petrify
  4117 | D:3      | Found a radiant altar of Vehumet.
  4123 | D:3      | Became a worshipper of Vehumet
  4344 | D:3      | Reached skill level 5 in Stealth
  4459 | D:3      | Found an iron altar of Okawaru.
  4521 | D:3      | Found the +1 Delatra's gloves {ID++}
  4533 | D:3      | Reached XP level 6. HP: 17/36 MP: 8/11
  5497 | D:4      | Reached XP level 7. HP: 35/41 MP: 11/13
  5674 | D:4      | Reached * piety under Vehumet
  5674 | D:4      | Offered knowledge of Shock by Vehumet.
  5687 | D:4      | Found a basalt altar of Yredelemnul.
  5906 | D:4      | Identified the +5 rapier of Lawn {spect, rF+ Str-4 Stlth+}
  6125 | D:5      | Entered Level 5 of the Dungeon
  6134 | D:5      | Reached skill level 5 in Earth Magic
  6153 | D:5      | Found a staircase to the Ecumenical Temple.
  6167 | D:5      | Noticed Blork the orc
  6178 | D:5      | Killed Blork the orc
  6930 | D:5      | Found Buofes's Weapon Shop.
  7258 | D:5      | Reached skill level 1 in Fighting
  7370 | D:5      | Identified the +5 hand axe of Tomorrow {venom, Fragile rC++
                  | Will++}
  7656 | D:6      | Reached XP level 8. HP: 49/49 MP: 11/15
  7916 | D:6      | Found a hide-covered altar of Uskayaw.
  7932 | D:6      | Reached skill level 5 in Spellcasting
  8014 | D:6      | Found Kederup's Book Emporium.
  9200 | D:7      | Noticed Maggie
  9639 | D:7      | Noticed Joseph
 10398 | D:7      | Reached skill level 5 in Fighting
 10506 | D:7      | Reached XP level 9. HP: 61/61 MP: 14/17
 10509 | D:7      | Noticed a two-headed ogre
 10750 | D:6      | Killed a two-headed ogre
 10846 | D:7      | Found a sacrificial altar of Ru.
 11080 | D:7      | Killed Joseph
 11337 | D:8      | Offered knowledge of Searing Ray by Vehumet.
 11573 | D:8      | Found a flagged portal.
 11580 | Bailey   | Entered a bailey
 11591 | Bailey   | Reached ** piety under Vehumet
 11612 | Bailey   | Hit by a javelin thrown by a centaur

Illustrated notes

Levels and vault maps discovered:
D:1:      sevenhm_arrival_forest_fort_small_3, layout_basic, minmay_pentomino_v2
D:2:      layout_loops_ring, nicolae_ecumenical_pavilion
D:3:      layout_basic, nicolae_vehumet_altar_sigil, okawaru_altar_gauntlet_db,
          portal_sewer_entry_a, minmay_misc_feat_five, pf_guarded_unrand_delatra
D:4:      layout_basic, mainiacjoe_overflow_brackets,
          nicolae_kite_square_tiling_tiny, serial_park_tiny_pond,
          minmay_misc_feat_tiny
D:5:      layout_cave_pools, minmay_temple_entry_large_hall, serial_shops,
          nicolae_shop_bloodbath_and_beyond, uniq_blork_the_orc
D:6:      layout_cave_pods, mainiacjoe_overflow_alcove_1, serial_shops,
          nicolae_square_shop
D:7:      layout_gridville, nicolae_ru_path_of_blood, serial_shops,
          nicolae_shop_temple_entry_statues_fountains, uniq_joseph, uniq_pikel,
          uniq_maggie
D:8:      layout_loops_ring, mainiacjoe_overflow_small_starburst,
          nicolae_overflow_hidden_temple, lightli_temple_of_fire, slow_altar_1,
          enter_bailey_2
Bailey:   bailey_polearm_flooded_kennysheep, bailey

Skill      XL: |  1  2  3  4  5  6  7  8  9 |
---------------+----------------------------+-----
Stealth        | 3 4 5 6 7 |  7.0
Transmutations | 2 |  2.0
Spellcasting   | 3 4 5 6 |  6.7
Earth Magic    | 4 5 6 7 |  7.6
Fighting       | 1 5 7 |  7.3
Dodging        | |  2.0

Action                   |  1- 3 |  4- 6 |  7- 9 || total
-------------------------+-------+-------+-------++-------
Melee: Glaive            |    45 |   175 |    90 ||   310
       Constrict         |    15 |    32 |    21 ||    68
       Unarmed           |     2 |       |       ||     2
       Tentacles         |     7 |    17 |    19 ||    43
       Punch             |       |     1 |       ||     1
 Cast: Sandblast         |    10 |    38 |    65 ||   113
       Stone Arrow       |       |       |    50 ||    50
       Petrify           |       |       |     6 ||     6
Evoke: Wand              |       |       |     9 ||     9
  Use: Scroll            |       |     7 |     3 ||    10
       Potion            |       |       |    11 ||    11
 Stab: Sleeping          |     3 |    32 |     5 ||    40
       Petrified         |       |       |     4 ||     4
       Distracted        |       |       |     1 ||     1
Armor: Skin              |    13 |    11 |     4 ||    28
Dodge: Dodged            |    60 |   113 |   123 ||   296
